 Dungeon Crawl Stone Soup version 0.29-a0-330-g52719c12eb (webtiles) character file.

Game seed: 602099017661996920

1944 gruber the Cudgeller (level 9, -2/54 HPs)
             Began as a Gargoyle Ice Elementalist on May 24, 2022.
             Was a Follower of Vehumet.
             Killed from afar by Maggie (18 damage)
             ... with a bolt of fire
             ... on level 6 of the Dungeon.
             The game lasted 00:06:56 (5865 turns).

gruber the Cudgeller (Gargoyle Ice Elementalist)    Turns: 5865, Time: 00:06:57

Health: -2/54      AC: 11    Str: 17    XL:     9   Next: 18%
Magic:  14/14      EV: 11    Int: 21    God:    Vehumet [*.....]
Gold:   331        SH:  0    Dex: 10    Spells: 13/14 levels left

rFire   . . .      SeeInvis .   e - +10 whip of the Charming Saviour {vamp, Stlth+}
rCold   . . .      Faith    .   (no shield)
rNeg    + . .      Spirit   .   t - +0 leather armour
rPois   ∞          Reflect  .   j - +0 helmet
rElec   +          Harm     .   w - scarf {repulsion}
rCorr   .          Rampage  .   (no gloves)
Will    .....                   (no boots)
Stlth   +++.......              (no amulet)
HPRegen 0.18/turn               f - +6 ring of strength
MPRegen 0.14/turn               (no ring)

@: mesmerised, repel missiles
A: sickness immunity, AC +6, negative energy resistance 1, electricity
resistance, torment resistance 1, petrification resistance
a: Renounce Religion


You were on level 6 of the Dungeon.
You worshipped Vehumet.
Vehumet was aware of your devotion.
You visited 2 branches of the dungeon, and saw 7 of its levels.

You collected 331 gold pieces.

Inventory:

Hand Weapons
 e - the +10 whip of the Charming Saviour (weapon) {vamp, Stlth+}
   (You found it on level 2 of the Dungeon)

   It occasionally heals its wielder for a portion of the damage dealt when it
   wounds a living foe.
   Stlth:     It makes you more stealthy.
 g - the +10 mace of Pycimoid {vorpal, rN+ Str+2}
   (You found it on level 2 of the Dungeon)

   It inflicts extra damage upon your enemies.
   Str:       It affects your strength (+2).
   rN:        It protects you from negative energy.
Armour
 j - a +0 helmet (worn)
 t - a +0 leather armour (worn)
 w - a scarf of repulsion (worn)
Jewellery
 a - an amulet of magic regeneration
 f - a +6 ring of strength (left hand)
 x - a ring of magical power
Wands
 u - a wand of flame (14)
 y - a wand of mindburst (9)
Scrolls
 c - a scroll of enchant armour {unknown}
 d - 6 scrolls of teleportation {unknown}
 h - 2 scrolls of fear {unknown}
 i - a scroll of immolation {unknown}
 l - a scroll of magic mapping {unknown}
 m - 3 scrolls of amnesia {unknown}
 n - 4 scrolls of identify {unknown}
 o - a scroll of silence {unknown}
 p - 2 scrolls of enchant weapon {unknown}
 r - a scroll of blinking {unknown}
Potions
 b - a potion of magic
 k - a potion of flight {unknown}
 q - a potion of curing {unknown}
 s - a potion of attraction {unknown}
 v - a potion of degeneration {unknown}


   Skills:
 - Level 5.0 Fighting
 - Level 0.4 Long Blades
 - Level 6.2 Maces & Flails
 - Level 0.1 Polearms
 - Level 0.6(0.8) Slings
 - Level 0.2 Bows
 - Level 0.2 Crossbows
 - Level 0.6(0.8) Throwing
 - Level 5.0 Armour
 - Level 2.1 Dodging
 - Level 2.1 Stealth
 - Level 0.3 Shields
 + Level 3.3 Spellcasting
 - Level 0.3 Conjurations
 - Level 0.1 Hexes
 - Level 0.5 Summonings
 - Level 0.3 Necromancy
 - Level 0.9 Translocations
 - Level 0.1 Transmutations
 - Level 0.3 Fire Magic
 + Level 5.5 Ice Magic
 - Level 0.2 Air Magic
 - Level 1.3 Earth Magic
 - Level 1.1 Poison Magic
 - Level 0.8 Invocations
 - Level 1.2 Evocations


You had 13 spell levels left.
You knew the following spells:

 Your Spells              Type           Power      Damage    Failure   Level
a - Freeze                Ice            100%       1d11      1%          1

Your spell library contained the following spells:

 Spells                   Type           Power      Damage    Failure   Level
 Foxfire                  Conj/Fire      16%        2x1d4     14%         1
 Frozen Ramparts          Ice            52%        1d7       4%          3
 Ozocubu's Armour         Ice            26%        N/A       4%          3
 Animate Skeleton         Necr           8%         N/A       13%         1
 Pain                     Necr           16%        1d4       13%         1
 Vampiric Draining        Necr           4%         2d6       36%         3
 Hailstorm                Conj/Ice       15%        3d5       41%         4


Dungeon Overview and Level Annotations

Branches:
Dungeon (6/15)             Temple (1/1) D:4

Altars:
Ashenzari
Dithmenos
Gozag
Hepliaklqana
Makhleb
Okawaru
Qazlal
Ru
Sif Muna
Trog
Uskayaw
Vehumet
Wu Jian
Xom
Yredelemnul
Zin
The Shining One

Annotations:
D:6 Maggie


Innate Abilities, Weirdness & Mutations

You are immune to sickness and miasma.
Your stone body is resilient. (AC +6)
You are immune to poison.
You resist negative energy. (rN+)
You are resistant to electric shocks. (rElec)
You are resistant to unholy torment.
You are immune to petrification.


Message History

You are too injured to fight recklessly!
You are too injured to fight recklessly!
You hit Maggie.
You feel better.
Maggie is lightly wounded.
Maggie points at you and mumbles some strange words.
The bolt of fire misses you.
You whack Maggie!
You feel better.
Maggie is lightly wounded.
Maggie barely misses you.
You whack Maggie!
Maggie is moderately wounded.
You whack Maggie!
You feel better.
Maggie is heavily wounded.
Maggie hits you with a +1 glaive of flaming!
* * * LOW HITPOINT WARNING * * *
Maggie burns you.
* * * LOW HITPOINT WARNING * * *
You whack Maggie!
You feel better.
Maggie is heavily wounded.
Maggie gestures wildly while chanting.
Maggie draws you further into her thrall.
You barely miss Maggie.
Maggie is heavily wounded.
Maggie casts a spell.
Maggie draws you further into her thrall.
You hit Maggie.
You feel better.
Maggie is severely wounded.
Maggie gestures at you while chanting. The bolt of fire misses you.
You hit Maggie.
You feel better.
Maggie is severely wounded.
You barely miss Maggie.
Maggie is severely wounded.
Maggie mumbles some strange words.
Maggie draws you further into her thrall.
You barely miss Maggie.
Maggie is severely wounded.
Maggie gestures at you while chanting. The bolt of fire hits you!!
You die...

#)..## ### #......
#.......... ).)..#
....
#..#.####.....####
.....# ....
#..#....#.....#
.....# ....!
#...###.#.....#
######
.....##.>.###.#.....#
............#......##
............###....#
......@.....# #....#
....#'#@....# #....#
. ....#..(..###....#
### ###..........#
#..........#
#..........#
###........#
#........# #....#####
######


You could see Maggie (mesmerising).

Vanquished Creatures
  Sigmund (D:3)
  2 water moccasins
  Duvessa (D:6)
  A sky beast (D:6)
  An ogre (D:6)
  A phantom (D:6)
  A gnoll sergeant (D:5)
  5 scorpions
  A necrophage (D:5)
  Dowan (D:6)
  A hound (D:5)
  7 iguanas
  9 orc wizards
  4 gnolls (D:5)
  13 adders
  A shadow imp (D:6)
  2 white imps
  2 worms
  4 dart slugs
  25 orcs
  11 endoplasms
  4 giant cockroaches
  5 goblins
  6 hobgoblins
  3 quokkas
  5 ball pythons
  3 bats
  2 frilled lizards
  12 kobolds
  6 rats (D:2)
140 creatures vanquished.

Notes
Turn   | Place    | Note
-------+----------+-------------------------------------------
     0 | D:1      | gruber the Gargoyle Ice Elementalist began the quest for
                  | the Orb.
     0 | D:1      | Reached XP level 1. HP: 10/10 MP: 3/3
   229 | D:1      | Reached XP level 2. HP: 14/15 MP: 1/5
   915 | D:2      | Reached XP level 3. HP: 13/19 MP: 6/6
   919 | D:2      | Identified the +10 mace of Pycimoid {vorpal, rN+ Str+2}
  1014 | D:2      | Found a faded altar of an unknown god.
  1020 | D:2      | Reached skill level 1 in Maces & Flails
  1275 | D:2      | Identified the +10 whip of the Charming Saviour {vamp,
                  | Stlth+}
  1734 | D:3      | Reached skill level 2 in Maces & Flails
  1736 | D:3      | Noticed a scorpion
  1745 | D:3      | Killed a scorpion
  1746 | D:3      | Reached skill level 3 in Maces & Flails
  1746 | D:3      | Reached XP level 4. HP: 24/24 MP: 7/7
  1777 | D:3      | Reached XP level 5. HP: 28/28 MP: 8/8
  1786 | D:3      | Noticed Sigmund
  1839 | D:3      | Killed Sigmund
  1840 | D:3      | Reached skill level 5 in Maces & Flails
  1840 | D:3      | Reached XP level 6. HP: 32/32 MP: 9/9
  2647 | D:4      | Reached skill level 6 in Maces & Flails
  2647 | D:4      | Reached XP level 7. HP: 35/36 MP: 10/10
  3439 | D:4      | Found a staircase to the Ecumenical Temple.
  3627 | Temple   | Entered the Ecumenical Temple
  3677 | Temple   | Became a worshipper of Vehumet
  3765 | D:5      | Entered Level 5 of the Dungeon
  3798 | D:5      | Reached skill level 1 in Earth Magic
  3862 | D:5      | Reached skill level 1 in Poison Magic
  3946 | D:5      | Found a burning altar of Makhleb.
  4110 | D:5      | Reached XP level 8. HP: 35/41 MP: 11/11
  4487 | D:5      | Found a faded altar of an unknown god.
  4487 | D:5      | Found a stormy altar of Qazlal.
  4495 | D:5      | Found a sacrificial altar of Ru.
  4497 | D:5      | Found an iron altar of Okawaru.
  4499 | D:5      | Found an opulent altar of Gozag.
  4806 | D:5      | Reached skill level 1 in Evocations
  4987 | D:5      | Reached skill level 5 in Armour
  5078 | D:5      | Reached * piety under Vehumet
  5078 | D:5      | Offered knowledge of Foxfire by Vehumet.
  5168 | D:6      | Reached skill level 1 in Fighting
  5249 | D:6      | Noticed Dowan
  5252 | D:6      | Noticed Duvessa
  5313 | D:6      | Killed Duvessa
  5325 | D:6      | Killed Dowan
  5354 | D:6      | Found a hazy altar of Hepliaklqana.
  5537 | D:6      | Reached skill level 5 in Fighting
  5570 | D:6      | Reached skill level 5 in Ice Magic
  5570 | D:6      | Reached XP level 9. HP: 54/54 MP: 11/13
  5795 | D:6      | Noticed Maggie
  5865 | D:6      | Killed from afar by Maggie

Illustrated notes

Levels and vault maps discovered:
D:1:      heliophobic_arrival_henge, layout_basic
D:2:      layout_loops_ring, shapermc_ecumenical_altar_starsandcircs
D:3:      layout_basic, hangedman_glass_teeth, roderic_st_hans_cross,
          uniq_sigmund
D:4:      layout_gridville, temple_hall, bh_walls_and_bars
D:5:      layout_layer_cave, mainiacjoe_overflow_chevrons,
          chequers_temple_overflow_minitemple, lightli_minifort
D:6:      layout_basic, nicolae_hepliaklqana_hazy_memory, uniq_maggie,
          uniq_duvessa
Temple:   jpeg_temple_clearing

Skill      XL: |  1  2  3  4  5  6  7  8  9 |
---------------+----------------------------+-----
Maces & Flails | 3 5 6 |  6.2
Armour         | 4 5 |  5.0
Earth Magic    | 1 |  1.3
Poison Magic   | 1 |  1.1
Evocations     | 1 |  1.2
Dodging        | 2 |  2.1
Fighting       | 5 |  5.0
Ice Magic      | 5 |  5.5
Spellcasting   | 3 |  3.3
Long Blades    | |  0.4
Polearms       | |  0.1
Slings         | |  0.6
Bows           | |  0.2
Crossbows      | |  0.2
Throwing       | |  0.6
Stealth        | |  2.1
Shields        | |  0.3
Conjurations   | |  0.3
Hexes          | |  0.1
Summonings     | |  0.5
Necromancy     | |  0.3
Translocations | |  0.9
Transmutations | |  0.1
Fire Magic     | |  0.3
Air Magic      | |  0.2
Invocations    | |  0.8

Action                   |  1- 3 |  4- 6 |  7- 9 || total
-------------------------+-------+-------+-------++-------
Melee: Unarmed           |    11 |       |       ||    11
       Dagger            |    15 |       |       ||    15
       Mace              |    21 |       |       ||    21
       Whip              |    17 |    67 |   266 ||   350
       Punch             |       |       |     1 ||     1
 Cast: Freeze            |    20 |       |       ||    20
 Stab: Sleeping          |     3 |     9 |     9 ||    21
Armor: Robe              |    35 |    27 |    46 ||   108
       Leather armour    |       |       |    51 ||    51
Dodge: Dodged            |    60 |    33 |    84 ||   177
       Repelled          |       |       |     1 ||     1

Table legend: (Time is in decaauts)
 A = Elapsed time spent in this place.
 B = Non-inter-level travel time spent in this place.
 C = Inter-level travel time spent in this place.
 D = Time resting spent in this place.
 E = Time spent auto-exploring this place.
 F = Levels seen in this place.
 G = Mean time per level.
                   A        B        C        D        E       F      G
               +--------+--------+--------+--------+--------+-----+--------+
         Total |   5804 |   5492 |    312 |     32 |   4477 |   7 |  829.1 |
       Dungeon |   5707 |   5441 |    266 |     32 |   4440 |   6 |  951.2 |
        Temple |     96 |     50 |     46 |      0 |     37 |   1 |   96.0 |
               +--------+--------+--------+--------+--------+-----+--------+

Top non-repeatable levels by time:
     D:5: 1337 daAuts
     D:4: 1017 daAuts
     D:2: 919 daAuts
     D:3: 909 daAuts
     D:1: 804 daAuts
     D:6: 719 daAuts
  Temple: 96 daAuts
